 Dungeon Crawl Stone Soup version 0.30-a0-779-g7971cf19c3 (webtiles) character file.

Game seed: 8203588479619359784

1248 Esekla the Covert (level 8, -1/81 HPs)
             Began as an Octopode Delver on Feb 17, 2023.
             Was an Initiate of Gozag.
             Slain by a gnoll sergeant
             ... wielding a +5 trident of venom
              (4 damage)
             ... on level 6 of the Dungeon.
             The game lasted 00:29:51 (4902 turns).

Esekla the Covert (Octopode Delver)                 Turns: 4902, Time: 00:29:52

Health: -1/81      AC: 24    Str: 18    XL:     8   Next: 50%
Magic:  12/12      EV:  2    Int: 10    God:    Gozag
Gold:   835        SH:  4    Dex: 13    Spells: 10/12 levels left

rFire   . . .      SeeInvis +    a - +0 falchion
rCold   + + .      Faith    .    v - +0 buckler
rNeg    . . .      Spirit   .    (helmet currently unavailable)
rPois   +          Reflect  .    (no amulet)
rElec   +          Harm     .    g - ring "Lucofragh" {rElec rC++ Str+6 Int-4 SInv}
rCorr   .          Rampage  .    (no ring)
Will    .....      NoTele   +    (no ring)
Stlth   ++++                     (no ring)
HPRegen 0.33/turn                (no ring)
MPRegen 0.13/turn                (no ring)
                                 (no ring)
                                 (no ring)

@: brilliant, lethally poisoned (-1 -> -35), tree-form
A: stationary, stasis, torment immunity, boosted hp, almost no armour,
(amphibious), 8 rings, (camouflage 1), (gelatinous body 1), (nimble swimmer 1),
(tentacles)
a: Renounce Religion, Potion Petition, Call Merchant, Bribe Branch


You were on level 6 of the Dungeon.
You worshipped Gozag.
Gozag was pleased with you.
You were a tree.
You visited 2 branches of the dungeon, and saw 7 of its levels.

You collected 863 gold pieces.
You paid 28 gold pieces to Gozag.

Inventory:

Hand Weapons
 a - a +0 falchion (weapon)
 r - a +0 trident
 s - a +0 dagger
Missiles
 y - 12 poisoned darts (quivered)
 D - a curare-tipped dart
Armour
 v - a +0 buckler (worn)
Jewellery
 g - the ring "Lucofragh" (left branch) {rElec rC++ Str+6 Int-4 SInv}
   (You found it on level 5 of the Dungeon)

   [ring of strength]

   Str:       It affects your strength (+6).
   Int:       It affects your intelligence (-4).
   rC:        It greatly protects you from cold.
   rElec:     It insulates you from electricity.
   SInv:      It lets you see invisible.
Wands
 f - a wand of digging (3)
 B - a wand of iceblast (14)
Scrolls
 b - a scroll of fog
 c - 3 scrolls of magic mapping
 d - a scroll of fear
 e - a scroll of enchant armour {unknown}
 h - 2 scrolls of amnesia {unknown}
 i - 6 scrolls of identify {unknown}
 j - a scroll of immolation {unknown}
 m - 3 scrolls of vulnerability {unknown}
 n - a scroll of blinking {unknown}
 o - 5 scrolls of teleportation {unknown}
 t - 2 scrolls of poison {unknown}
 w - a scroll of butterflies {unknown}
Potions
 k - a potion of lignification
 l - 2 potions of brilliance
 p - a potion of degeneration {unknown}
 q - a potion of heal wounds
 u - a potion of magic {unknown}
 x - a potion of invisibility {unknown}
 z - 2 potions of curing {unknown}
 A - a potion of attraction {unknown}
 C - a potion of flight {unknown}
 E - a potion of cancellation {unknown}


   Skills:
 * Level 4.8 Fighting
 + Level 1.1(3.6) Short Blades
 * Level 5.5(5.6) Long Blades
 + Level 1.1 Throwing
 * Level 3.9 Dodging
 - Level 8.2 Stealth
 * Level 2.6 Shields
 * Level 2.9 Spellcasting
 * Level 2.3 Translocations


You had 10 spell levels left.
You knew the following spells:

 Your Spells              Type           Power      Damage    Failure   Level
b - Blink                 Tloc           18%        N/A       22%         2

Your spell library contained the following spells:

 Spells                   Type           Power      Damage    Failure   Level
 Lesser Beckoning         Tloc           18%        N/A       22%         2
 Momentum Strike          Conj/Tloc      10%        3d8       34%         2


Dungeon Overview and Level Annotations

Branches:
Dungeon (6/15)             Temple (1/1) D:5

Altars:
Ashenzari
Cheibriados
Dithmenos
Elyvilon
Gozag
Hepliaklqana
Kikubaaqudgha
Makhleb
Okawaru
Trog
Uskayaw
Yredelemnul
Zin
The Shining One

Annotations:
D:5 ice beast


Innate Abilities, Weirdness & Mutations

You are a tree.
Your roots penetrate the ground, keeping you stationary.
You cannot be teleported.
You are immune to unholy pain and torment.
Your maximum health is greatly increased.
You cannot wear most types of armour.
((You are amphibious.))
You can wear up to eight rings at the same time.
((Your skin changes colour to match your surroundings (Stealth+).))
((Your rubbery body absorbs attacks. (AC +1, EV +1)))
((You are camouflaged when in or above water. (Stealth+)))
((You have tentacles for arms and can constrict up to eight enemies at once.))


Message History

You kill the gnoll!
You now have 835 gold pieces (gained 7).
You see here a +0 quarterstaff.
y - 9 poisoned darts (gained 1)
You start resting.
HP restored.
y - 12 poisoned darts (gained 3)
The gnoll sergeant shouts!
The gnoll shouts! x2; You hear a shout!
An orc comes into view. It is wielding a +0 whip.
The gnoll sergeant throws a javelin.
The javelin barely misses you.
You start waiting.
A gnoll sergeant is nearby!
You block the gnoll sergeant's attack.
You barely miss the gnoll sergeant. You grab the gnoll sergeant.
You constrict the gnoll sergeant, but do no damage.
The gnoll sergeant hits you with a +5 trident of venom!
You are poisoned.
The gnoll shouts!
You slash the gnoll sergeant!
You tentacle-slap the gnoll sergeant, but do no damage.
The gnoll sergeant is moderately wounded.
You constrict the gnoll sergeant, but do no damage.
You feel sick.
The gnoll sergeant hits you with a +5 trident of venom!
You are more poisoned.
It was a potion of brilliance.
You feel clever all of a sudden.
You constrict the gnoll sergeant.
You feel very sick.
The gnoll sergeant hits you with a +5 trident of venom!
* * * LOW HITPOINT WARNING * * *
You are more poisoned.
It was a potion of lignification.
You turn into a tree.
Your roots penetrate the ground.
You lose your grip on the gnoll sergeant.
* * * LOW HITPOINT WARNING * * *
You feel extremely sick.
The gnoll sergeant hits you with a +5 trident of venom.
You die...
Your body crumbles into a pile of gold.

#.# #g# #.###g#
#...#### #.......
##.##### #.###..
############......
#.g..g..g...##....
#♣#########.# ..##
#.# ##.## .# #.#
##...#..# #.#
#.......# #)#
#......... #.#
#.......## #.#
##...#..# #.#
####..... #.#
.###.


You could see a gnoll sergeant and 2 gnolls.

Vanquished Creatures
  2 black bears
  2 ogres (D:5)
  2 ice beasts
  A phantom (D:4)
  A kobold brigand (D:6)
  A scorpion (D:5)
  A necrophage (D:6)
  4 hounds
  A gnoll bouda (D:4)
  An orc priest (D:3)
  3 iguanas
  An orc wizard (D:3)
  4 adders
  A gnoll (D:6)
  2 white imps (D:5)
  3 worms
  4 dart slugs
  10 orcs
  6 bats
  4 endoplasms
  4 giant cockroaches
  5 goblins
  7 hobgoblins
  13 jackals
  9 kobolds
  2 quokkas (D:2)
  6 ball pythons
  2 frilled lizards
  A rat (D:2)
103 creatures vanquished.

Notes
Turn   | Place    | Note
-------+----------+-------------------------------------------
     0 | D:5      | Esekla the Octopode Delver began the quest for the Orb.
     0 | D:5      | Reached XP level 1. HP: 16/16 MP: 1/1
     6 | D:5      | Identified the ring "Lucofragh" {rElec rC++ Str+6 Int-4
                  | SInv}
    54 | D:5      | Noticed an iguana
    75 | D:5      | Noticed an ice beast
   220 | D:5      | Noticed a hound
   266 | D:5      | Noticed a scorpion
   279 | D:5      | Found a staircase to the Ecumenical Temple.
   286 | D:5      | Noticed a phantom
   288 | Temple   | Entered the Ecumenical Temple
   341 | D:5      | Noticed a gnoll bouda
   357 | D:5      | Noticed an iguana
   391 | D:4      | Reached XP level 2. HP: 16/21 MP: 2/2
   434 | D:4      | Reached skill level 7 in Stealth
   434 | D:4      | Reached XP level 3. HP: 26/26 MP: 2/4
   438 | D:4      | Noticed an ice beast
   836 | D:4      | Noticed a black bear
   962 | D:4      | Found an opulent altar of Gozag.
   965 | D:4      | Became a worshipper of Gozag Ym Sagoz the Greedy
  1006 | D:4      | Reached skill level 1 in Spellcasting
  1006 | D:4      | Reached XP level 4. HP: 24/31 MP: 5/5
  2066 | D:1      | Reached XP level 5. HP: 36/36 MP: 6/6
  2482 | D:3      | Learned a level 2 spell: Blink
  2682 | D:3      | Reached skill level 8 in Stealth
  2686 | D:3      | Reached skill level 1 in Shields
  2955 | D:4      | Killed a black bear
  2956 | D:4      | Reached XP level 6. HP: 43/43 MP: 8/8
  3091 | D:4      | Killed an ice beast
  3092 | D:4      | Reached skill level 1 in Translocations
  3262 | D:4      | Reached XP level 7. HP: 33/48 MP: 8/10
  4178 | D:5      | Reached XP level 8. HP: 25/54 MP: 11/11
  4351 | D:6      | Reached skill level 5 in Long Blades
  4499 | D:6      | Reached skill level 1 in Short Blades
  4512 | D:6      | Reached skill level 1 in Throwing
  4606 | D:6      | Found a broken altar of Ashenzari.
  4902 | D:6      | HP: 3/81 [poisoned by a gnoll sergeant]
  4902 | D:6      | Slain by a gnoll sergeant

Illustrated notes

Levels and vault maps discovered:
D:1:      saegor_arrival_simple_e, layout_basic
D:2:      layout_basic
D:3:      layout_loops_ring, chequers_serial_rivers_micro_a, grunt_ministairs_6,
          corexii_hall_statues_i
D:4:      layout_cave_pods, mainiacjoe_overflow_alcove_4,
          minmay_misc_feat_hallway
D:5:      layout_cave_pools, minmay_temple_entry_mini_moons, minmay_bent
D:6:      layout_loops_ring, kennysheep_little_box,
          nicolae_qazlal_scattered_showers, uniq_prince_ribbit1, uniq_menkaure
Temple:   nicolae_temple_ecumenical_triangle

Skill      XL: |  1  2  3  4  5  6  7  8 |
---------------+-------------------------+-----
Stealth        | 7 8 |  8.2
Spellcasting   | 1 2 |  2.9
Long Blades    | 3 4 5 |  5.5
Shields        | 1 2 |  2.6
Fighting       | 4 |  4.8
Translocations | 1 2 |  2.3
Dodging        | 3 |  3.9
Short Blades   | 1 |  1.1
Throwing       | 1 |  1.1

Action                     |  1- 3 |  4- 6 |  7- 9 || total
---------------------------+-------+-------+-------++-------
  Melee: Falchion          |    20 |   101 |    79 ||   200
         Constrict         |     4 |    27 |    12 ||    43
         Dagger            |     2 |    34 |    12 ||    48
         Tentacles         |     4 |    20 |    22 ||    46
         Punch             |       |     1 |     2 ||     3
  Throw: Dart              |       |     9 |     9 ||    18
   Cast: Blink             |       |       |     2 ||     2
    Use: Potion            |     1 |     3 |     5 ||     9
   Stab: Sleeping          |     3 |    22 |     9 ||    34
         Distracted        |       |     2 |     1 ||     3
 Armour: Skin              |       |     4 |     5 ||     9
  Dodge: Dodged            |    19 |    80 |    54 ||   153
  Block: Buckler           |       |     9 |    18 ||    27

Table legend: (Time is in decaauts)
 A = Elapsed time spent in this place.
 B = Non-inter-level travel time spent in this place.
 C = Inter-level travel time spent in this place.
 D = Time resting spent in this place.
 E = Time spent auto-exploring this place.
 F = Levels seen in this place.
 G = Mean time per level.
                   A        B        C        D        E       F      G
               +--------+--------+--------+--------+--------+-----+--------+
         Total |   4880 |   4786 |     94 |   1163 |    731 |   7 |  697.1 |
       Dungeon |   4749 |   4655 |     94 |   1077 |    731 |   6 |  791.5 |
        Temple |    131 |    131 |      0 |     86 |      0 |   1 |  131.0 |
               +--------+--------+--------+--------+--------+-----+--------+

Top non-repeatable levels by time:
     D:4: 1496 daAuts
     D:5: 896 daAuts
     D:3: 726 daAuts
     D:1: 606 daAuts
     D:6: 568 daAuts
     D:2: 455 daAuts
  Temple: 131 daAuts
